 Dungeon Crawl Stone Soup version 0.31-a0-819-gf6de2f5ab6 (webtiles) character file.

Game seed: 6919858605794622069

52 qw the Shooter (level 3, -1/23 HPs)
             Began as a Gargoyle Hunter on Sept 23, 2023.
             Slain by Terence
             ... wielding a +0 mace
              (3 damage)
             ... on level 2 of the Dungeon.
             The game lasted 00:00:23 (724 turns).

qw the Shooter (Gargoyle Hunter)                     Turns: 724, Time: 00:00:24

Health: -1/23      AC:  7    Str: 14    XL:     3   Next: 85%
Magic:  3/3        EV: 16    Int:  9    God:
Gold:   71         SH:  0    Dex: 15    Spells: 2/2 levels left

rFire   . . .        Y - +1 shortbow
rCold   . . .        (shield currently unavailable)
rNeg    + . .        c - +0 leather armour
rPois   inf          (no helmet)
rElec   +            (no cloak)
rCorr   .            (no gloves)
SInv    .            g - +0 pair of boots
Will    .....        (no amulet)
Stlth   ++           i - +5 ring of evasion
HPRegen 0.23/turn    (no ring)
MPRegen 0.08/turn

%: no passive effects
@: about to teleport
A: sickness immunity, AC +3, negative energy resistance 1, electricity
resistance, torment resistance 1, petrification resistance
a: no special abilities


You were on level 2 of the Dungeon.
You visited 1 branch of the dungeon, and saw 2 of its levels.

You collected 71 gold pieces.


Innate Abilities, Weirdness & Mutations

You are immune to sickness and miasma.
Your stone body is resilient. (AC +3)
You are immune to poison.
You resist negative energy. (rN+)
You are resistant to electric shocks. (rElec)
You are resistant to unholy torment.
You are immune to petrification.


   Skills:
 - Level 3.0 Fighting
 + Level 5.0 Ranged Weapons
 - Level 1.5 Dodging
 - Level 1.1 Stealth


You had 2 spell levels left.
You didn't know any spells.
Your spell library was empty.

Inventory:

Hand Weapons
 Y - a +1 shortbow (weapon)
Armour
 c - a +0 leather armour (worn)
 g - a +0 pair of boots (worn)
Jewellery
 i - a +5 ring of evasion (left hand)
Potions
 b - a potion of haste {unknown}
 d - a potion of attraction {unknown}
 f - a potion of berserk rage {unknown}
 k - a potion of might {unknown}

Dungeon Overview and Level Annotations

Branches:
Dungeon (2/15)

Altars:

Annotations:
D:2 Terence


Message History

The arrow hits Terence but does no damage.
You shoot an arrow.
The arrow hits Terence but does no damage.
You shoot an arrow.
The arrow hits Terence but does no damage.
Terence hits you with a +0 mace.
You shoot an arrow.
The arrow hits Terence but does no damage.
Terence closely misses you.
You shoot an arrow. The arrow closely misses Terence.
Terence hits you with a +0 mace.
You shoot an arrow. The arrow completely misses Terence.
Terence hits you but does no damage.
You shoot an arrow.
The arrow hits Terence but does no damage.
Terence misses you.
You shoot an arrow. The arrow hits Terence.
Terence is lightly wounded.
Terence says, "You're history."
Terence hits you with a +0 mace. Terence hits you but does no damage.
You shoot an arrow. The arrow completely misses Terence.
Terence hits you with a +0 mace.
You shoot an arrow. The arrow barely misses Terence.
Terence hits you with a +0 mace.
You shoot an arrow.
The arrow hits Terence but does no damage.
Terence is lightly wounded.
Terence barely misses you.
You shoot an arrow. The arrow hits Terence.
Terence is moderately wounded.
Terence misses you.
You shoot an arrow. The arrow barely misses Terence.
Terence closely misses you.
You shoot an arrow. The arrow completely misses Terence.
Terence hits you with a +0 mace. x2
724 ||| READING scroll of teleportation.
As you read the scroll of teleportation, it crumbles to dust.
You feel strangely unstable. Terence hits you with a +0 mace.
You die...

#.. .. ######### .........@.# ..
#@# #.# #.# ###.##### #.# ...
#.....%.# #.######## ....
####.#.#.#.###.##.....#.....#
.......#.#.....##....[#.....#
####.....#########.....#......##
.....<...%......................
###.....###.########......... #


You could see Terence.

Vanquished Creatures
  2 adders (D:2)
  A worm (D:2)
  A dart slug (D:2)
  5 ball pythons (D:1)
  2 bats (D:1)
  4 endoplasms (D:1)
  2 giant cockroaches (D:1)
  4 hobgoblins (D:1)
  3 quokkas
  A kobold (D:1)
  2 rats
27 creatures vanquished.

Notes
Turn   | Place    | Note
-------+----------+-------------------------------------------
     0 | D:1      | qw the Gargoyle Hunter began the quest for the Orb.
     0 | D:1      | Reached XP level 1. HP: 12/12 MP: 1/1
     0 | D:1      | 0 ||| qw: Version: 0.3-a-83-gcd0e7d8
     0 | D:1      | 0 ||| qw: Game counter: 1360
     0 | D:1      | 0 ||| qw: Melee chars always use a shield: true
     0 | D:1      | 0 ||| qw: God list: Okawaru
     0 | D:1      | 0 ||| qw: Allow faded altars: false
     0 | D:1      | 0 ||| qw: Do Orc after clearing Dungeon:15 true
     0 | D:1      | 0 ||| qw: Do second Lair branch before Depths: true
     0 | D:1      | 0 ||| qw: Lair rune preference: random
     0 | D:1      | 0 ||| qw: Goals: Normal
     0 | D:1      | 0 ||| PLANNING D:1-11
   154 | D:1      | Reached XP level 2. HP: 17/17 MP: 2/2
   281 | D:1      | Found a faded altar of an unknown god.
   362 | D:1      | Reached XP level 3. HP: 21/21 MP: 3/3
   475 | D:1      | 475 ||| UPGRADING to +0 pair of boots.
   480 | D:1      | 480 ||| UPGRADING to +5 ring of evasion.
   481 | D:1      | 481 ||| READING 2 scrolls labelled YREQ OPSERAINI.
   484 | D:1      | 484 ||| READING 2 scrolls labelled FOL NOOGABAGHO.
   485 | D:1      | 485 ||| READING scroll labelled QEIMIH DOWOBO.
   486 | D:1      | 486 ||| READING scroll labelled RERUSA NOROR.
   487 | D:1      | 487 ||| READING scroll labelled NIBROE VEZAT.
   488 | D:1      | 488 ||| DROPPING scroll of butterflies.
   489 | D:1      | 489 ||| DROPPING scroll of poison.
   504 | D:2      | Reached skill level 5 in Ranged Weapons
   692 | D:2      | Reached skill level 3 in Fighting
   709 | D:2      | Noticed Terence
   723 | D:2      | HP: 4/23 [Terence/+0 mace (3)]
   724 | D:2      | 724 ||| READING scroll of teleportation.
   724 | D:2      | Slain by Terence

Levels and vault maps discovered:
D:1:      ncdulo_smallfort, layout_rooms, ebering_ecumenical_altar_hall
D:2:      layout_basic, wander_ebering_terrifying_dragon_lair, uniq_terence

Skill      XL: |  1  2  3 |
---------------+----------+-----
Ranged Weapons | 5 |  5.0
Fighting       | 3 |  3.0
Dodging        | |  1.5
Stealth        | |  1.1

Action                     || total
---------------------------++-------
   Fire: Shortbow          ||    91
    Use: Scroll            ||     6
 Armour: Leather armour    ||    25
  Dodge: Dodged            ||    14

Table legend:
 A = Non-vault XP
 B = Vault XP
 C = Vault XP percentage of total XP
 D = Non-vault monster count
 E = Vault monster count
 F = Vault count percentage of total count
                 A         B        C        D         E       F
            +---------+---------+-------+---------+---------+-------
      Total |      75 |       0 |   0.0 |      27 |       0 |   0.0
            +---------+---------+-------+---------+---------+-------
        D:1 |      37 |       0 |   0.0 |      21 |       0 |   0.0
        D:2 |      38 |       0 |   0.0 |       6 |       0 |   0.0
            +---------+---------+-------+---------+---------+-------
